 Dungeon Crawl Stone Soup version 0.29-a0-90-gc37658a0fe (webtiles) character file.

Game seed: 3015919601604741647

56 soggyman666 the Covered (level 3, -5/33 HPs)
             Began as a Hill Orc Fighter on Feb 7, 2022.
             Slain by Terence (7 damage)
             ... on level 2 of the Dungeon.
             The game lasted 00:01:15 (1843 turns).

soggyman666 the Covered (Hill Orc Fighter)          Turns: 1843, Time: 00:01:16

Health: -5/33      AC:  7    Str: 20    XL:     3   Next: 97%
Magic:  3/3        EV:  9    Int:  8    God:
Gold:   121        SH:  4    Dex: 10    Spells: 2/2 levels left

rFire   . . .      SeeInvis .   a - +0 war axe
rCold   . . .      Faith    .   c - +0 buckler
rNeg    . . .      Spirit   .   b - +0 scale mail
rPois   .          Reflect  .   (no helmet)
rElec   .          Harm     .   (no cloak)
rCorr   .          Rampage  .   (no gloves)
Will    .....                   (no boots)
Stlth   ..........              (no amulet)
HPRegen 0.11/turn               (no ring)
MPRegen 0.08/turn               (no ring)

@: no status effects
A: no striking features
a: no special abilities


You were on level 2 of the Dungeon.
You visited 1 branch of the dungeon, and saw 2 of its levels.

You collected 121 gold pieces.

Inventory:

Hand Weapons
 a - a +0 war axe (weapon)
Armour
 b - a +0 scale mail (worn)
 c - a +0 buckler (worn)
Jewellery
 e - a ring of ice
Scrolls
 h - 2 scrolls of identify {unknown}
Potions
 d - a potion of might
 f - a potion of heal wounds {unknown}
 g - 2 potions of degeneration {unknown}
 i - a potion of curing {unknown}


   Skills:
 + Level 4.0 Fighting
 + Level 3.9 Axes
 + Level 4.1 Armour
 + Level 3.5 Shields


You had 2 spell levels left.
You didn't know any spells.
Your spell library contained the following spells:

 Spells                   Type           Power      Damage    Failure   Level
 Animate Skeleton         Necr           0%         N/A       85%         1
 Pain                     Necr           0%         1d4       85%         1
 Inner Flame              Hex/Fire       0%         N/A       99%         3
 Vampiric Draining        Necr           0%         2d6       99%         3
 Cause Fear               Hex            0%         N/A       100%        4
 Discord                  Hex            0%         N/A       100%        8


Dungeon Overview and Level Annotations

Branches:
Dungeon (2/15)

Altars:

Annotations:
D:2 Terence


Message History

No target in view!
You see here a ball python corpse.
Found a club.
No target in view!
No target in view!
Terence the Incautious comes into view.
He is wielding a +0 flail.
Terence shouts!
You see here a +0 club.
Terence is nearby!
Terence is nearby!
You hit Terence but do no damage. Terence closely misses you.
Terence is nearby!
You closely miss Terence. Terence hits you with a +0 flail!
Terence is nearby!
You slash Terence!
Terence is heavily wounded.
Terence hits you with a +0 flail.
You hit Terence but do no damage.
Terence is heavily wounded.
Terence hits you but does no damage. Terence hits you with a +0 flail!
Terence is nearby!
You are too injured to fight recklessly!
Terence is nearby!
You are too injured to fight recklessly!
Terence is nearby!
You are too injured to fight recklessly!
Terence is nearby!
You are too injured to fight recklessly!
Terence is nearby!
You are too injured to fight recklessly!
You are too injured to fight recklessly!
You hit Terence.
Terence is severely wounded.
Terence closely misses you.
You barely miss Terence.
Terence is severely wounded.
Terence hits you with a +0 flail!
* * * LOW HITPOINT WARNING * * *
Terence hits you with a +0 flail!
You die...

### ..# #.# #.# #.#
#@# #@# ##+## #)#
##...## ########.#
#.....###........#
.......##.###.##.#####
........#†##.........#
........'........###.#
........#.##.....#
.......##.###..#.#


You could see Terence.

Vanquished Creatures
  An adder (D:2)
  A worm (D:2)
  7 endoplasms
  5 giant cockroaches
  7 hobgoblins
  4 kobolds
  2 quokkas (D:1)
  2 ball pythons (D:2)
  2 bats
  3 frilled lizards (D:1)
  3 goblins
  2 rats (D:1)
39 creatures vanquished.

Notes
Turn   | Place    | Note
-------+----------+-------------------------------------------
     0 | D:1      | soggyman666 the Hill Orc Fighter began the quest for the
                  | Orb.
     0 | D:1      | Reached XP level 1. HP: 19/19 MP: 1/1
   313 | D:1      | Reached XP level 2. HP: 24/27 MP: 2/2
   677 | D:1      | Reached XP level 3. HP: 33/33 MP: 3/3
   951 | D:1      | Found a faded altar of an unknown god.
  1835 | D:2      | Noticed Terence
  1843 | D:2      | Slain by Terence

Illustrated notes

Levels and vault maps discovered:
D:1:      tarquinn_simple_flora_water_f, layout_basic,
          hellmonk_ecumenical_altar_leap_of_faith
D:2:      layout_loops_corners, uniq_terence

Skill      XL: |  1  2  3 |
---------------+----------+-----
Axes           | 3 |  3.9
Armour         | 4 |  4.1
Fighting       | 4 |  4.0
Shields        | |  3.5

Action                   || total
-------------------------++-------
Melee: War axe           ||   120
Armor: Scale mail        ||    57
Dodge: Dodged            ||    52
Block: Buckler           ||    23

Table legend: (Time is in decaauts)
 A = Elapsed time spent in this place.
 B = Non-inter-level travel time spent in this place.
 C = Inter-level travel time spent in this place.
 D = Time resting spent in this place.
 E = Time spent auto-exploring this place.
 F = Levels seen in this place.
 G = Mean time per level.
                   A        B        C        D        E       F      G
               +--------+--------+--------+--------+--------+-----+--------+
         Total |   1887 |   1871 |     16 |    185 |   1405 |   2 |  943.5 |
       Dungeon |   1887 |   1871 |     16 |    185 |   1405 |   2 |  943.5 |
               +--------+--------+--------+--------+--------+-----+--------+

Top non-repeatable levels by time:
     D:1: 993 daAuts
     D:2: 894 daAuts
